 Dungeon Crawl Stone Soup version 0.19-a0-553-g63c04df (webtiles) character file.

76718 AlphabetPasta the Brilliant (level 15, -13/135 HPs)
             Began as a Deep Dwarf Artificer on June 7, 2016.
             Was a High Priest of Pakellas.
             Mangled by a golden dragon simulacrum (17 damage)
             ... in an ice cave on June 8, 2016.
             The game lasted 03:27:29 (21568 turns).

AlphabetPasta the Brilliant (Deep Dwarf Artificer) Turns: 21568, Time: 03:27:32

Health: -13/135    AC: 26    Str: 21    XL:     15   Next: 13%
Magic:  25/25      EV: 15    Int: 13    God:    Pakellas [*****.]
Gold:   1709       SH: 12    Dex: 16    Spells: 0 memorised, 14 levels left

rFire  . . .     SeeInvis .     A - +9 iron rod (6/12)
rCold  + . .     Gourm    .     Y - +2 plate armour {MR+}
rNeg   + . .     Faith    .     l - +0 shield {reflect}
rPois  .         Spirit   .     L - +0 helmet (curse)
rElec  .         Dismiss  .     R - +0 cloak
rCorr  .         Reflect  +     t - +2 pair of gloves {Dex+3}
SustAt .         Harm     .     h - +2 pair of boots {run}
MR     +++..                    F - amulet of rage
Stlth  ..........               v - ring of protection from cold
                                B - +4 ring of evasion

@: non-regenerating, quick, extremely resistant to hostile enchantments,
extremely unstealthy
A: damage resistance, recharge devices, negative energy resistance 1, sense
surroundings 3, slow regeneration 3
a: Device Recharging, Quick Charge, Device Surge, Renounce Religion, Evoke
Berserk Rage


You were in an ice cave.
You worshipped Pakellas.
Pakellas was extremely pleased with you.
You were hungry.

You visited 5 branches of the dungeon, and saw 23 of its levels.
You also visited: Ice Cave and Volcano.

You collected 2211 gold pieces.
You spent 502 gold pieces at shops.

Inventory:

Hand Weapons
 a - a +1 morningstar of electrocution
 b - a +1 hunting sling
 d - the +6 war axe of Articulation {chop, rN+ MR+ Int+3 Dex-4}
   (You found it on level 2 of the Lair of Beasts)

   It inflicts extra damage upon your enemies.
   It affects your intelligence (+3).
   It affects your dexterity (-4).
   It protects you from negative energy.
   It affects your resistance to hostile enchantments.
 e - a +1 hunting sling of flaming
 m - the +7 flail of True Grit {venom, *Corrode +Blink rPois Int+6}
   (You bought it in a shop on level 2 of the Orcish Mines)

   It poisons the flesh of those it strikes.
   It affects your intelligence (+6).
   It protects you from poison.
   It lets you blink.
   It may corrode you when you take damage.
Missiles
 Q - 3 sling bullets
Armour
 h - a +2 pair of boots of running (worn)
 l - a +0 shield of reflection (worn)
 t - a +2 pair of gloves of dexterity (worn)
 L - a cursed +0 helmet (worn)
 R - a +0 cloak (worn)
 Y - a +2 plate armour of magic resistance (worn)
Rods
 A - a +9 iron rod (6/12) (in hand)
   (Pakellas gifted it to you on level 5 of the Lair of Beasts)
 P - a +0 lightning rod (1/10)
   (You found it on level 2 of the Lair of Beasts)
Jewellery
 v - a ring of protection from cold (right hand)
 y - an uncursed ring of see invisible
 B - a +4 ring of evasion (left hand)
 D - an uncursed ring of protection from fire
 F - an amulet of rage (around neck)
 H - an uncursed ring of protection from magic
Wands
 c - a wand of flame (11/48)
 i - a wand of disintegration (6/24)
 o - a wand of acid (8/15)
 p - a wand of enslavement (10/24)
 J - a wand of disintegration (13/24)
 V - a wand of heal wounds (8/9)
 X - a wand of paralysis (6/24)
Scrolls
 q - 4 scrolls of remove curse
 r - 4 scrolls of teleportation
 w - a scroll of blinking
 x - 3 scrolls of identify
 N - a scroll of fear
Potions
 j - 2 potions of agility
 k - 5 potions of curing
 n - 4 potions of cancellation
 u - 3 potions of cure mutation
 z - a potion of resistance
 E - 2 potions of magic
 K - 2 potions of flight
 M - 3 potions of ambrosia
Books
 f - a book of Debilitation

   Spells                             Type                      Level
   a - Corona                         Hexes                        1
   b - Slow                           Hexes                        2
   c - Gell's Gravitas                Hexes/Translocation          3
   d - Inner Flame                    Hexes/Fire                   3
   e - Cause Fear                     Hexes                        4
   f - Leda's Liquefaction            Hexes/Earth                  4
 C - a book of Transfigurations

   Spells                             Type                      Level
   a - Irradiate                      Conjuration/Transmutation    5
   b - Statue Form                    Transmutation/Earth          6
   c - Hydra Form                     Transmutation                6
   d - Dragon Form                    Transmutation                7
Miscellaneous
 U - a lamp of fire
Comestibles
 g - 17 bread rations
 s - 5 meat rations
 T - 24 fruits


   Skills:
 + Level 9.0 Fighting
   Level 0.8 Short Blades
 + Level 5.8(10.3) Axes
 + Level 12.0(12.4) Maces & Flails
 + Level 9.3 Slings
 + Level 10.4 Armour
 + Level 10.6 Dodging
 - Level 1.2 Stealth
 + Level 8.4 Shields
 * Level 16.7 Evocations


You had 14 spell levels left.
You didn't know any spells.

Dungeon Overview and Level Annotations

Branches:
Dungeon (11/15)            Temple (1/1) D:5            Lair (8/8) D:11
  Swamp (1/4) Lair:5        Snake (0/4) Lair:4        Slime (0/6) Lair:6
    Orc (2/2) D:11            Elf (0/3) Orc:2

Altars:
Ashenzari
Cheibriados
Dithmenos
Elyvilon
Fedhas
Gozag
Hepliaklqana
Kikubaaqudgha
Makhleb
Nemelex Xobeh
Okawaru
Pakellas
Qazlal
Ru
Sif Muna
Trog
Uskayaw
Vehumet
Xom
Yredelemnul
Zin
The Shining One
Beogh
Jiyva

Shops:
D:7 ?   D:10 =   Orc:2 ([=*

Annotations:
D:7 ! Death cob


Innate Abilities, Weirdness & Mutations

You are resistant to damage.
You can recharge devices by infusing magical energy.
You resist negative energy. (rN+)
You passively map a large area around you.
You do not regenerate naturally.


Message History

The golden dragon simulacrum freezes you!!
You resist.
The golden dragon simulacrum barely misses you.
Aiming: Scattershot
Press: ? - help, Shift-Dir - straight line, f - ice devil, p - five-headed hydra simulacrum
Aim: an ice devil The burst of metal fragments hits the golden dragon simulacrum. x7
You are feeling hungry.
The golden dragon simulacrum bites you!!
* * * LOW HITPOINT WARNING * * *
The golden dragon simulacrum freezes you!!
You resist.
* * * LOW HITPOINT WARNING * * *
The golden dragon simulacrum claws you but does no damage.
The golden dragon simulacrum tramples you.
* * * LOW HITPOINT WARNING * * *
The golden dragon simulacrum freezes you!!
You resist.
You die...
Pakellas says: Good help is so hard to find these days!

..####≈≈≈≈≈≈≈≈ , *
.###≈≈≈≈≈≈≈≈≈ * * ### ≈≈≈≈#≈≈#
≈ , * ≈≈####≈≈≈#####≈≈ ** *#
##≈≈#≈≈≈##...### ≈ ≈ * ,.#
##≈≈≈≈#≈..##§.## ≈≈ ≈ Z1. *
##≈≈≈#≈≈.#####..# ≈≈≈ 4ZZ.
≈≈≈#######..#..########**.Z.4#*
≈≈###.###.#..#..@##...##..Z#
####.⌠.#.########Z4Z##.ZZ# *
##.#.## ########## #####


You could see an ice devil, a five-headed hydra simulacrum and a golden dragon
simulacrum.

Vanquished Creatures
  Kirke (Lair:5)
  Gastronok (Orc:1)
  Donald (Orc:2)
  An orc warlord (Orc:2)
  Snorg (Orc:2)
  Fannar (Lair:3)
  7 hydras
  8 death yaks
  An orc high priest (Orc:2)
  The ghost of fuyune the Basher, a novice DsBe of Trog (D:8)
  An unseen horror (D:11)
  The ghost of fuyune the Basher, a novice DsBe of Trog (D:9)
  A swamp dragon (Swamp:1)
  3 orc knights (Orc:2)
  A griffon (Lair:4)
  A salamander (Orc:1)
  A hornet (Swamp:1)
  2 orc sorcerers (Orc:2)
  Maurice (D:11)
  A guardian serpent (Lair:4)
  An ice statue (IceCv)
  8 black mambas
  19 elephants
  2 torpor snails
  A gargoyle (D:10)
  22 spiny frogs
  A freezing wraith (IceCv)
  7 komodo dragons
  5 ice devils (IceCv)
  3 anaconda simulacra (IceCv)
  3 rime drakes
  5 giant leeches
  5 trolls
  A two-headed ogre (Orc:1)
  Grinder (D:3)
  17 blink frogs
  A bog body (Swamp:1)
  3 wyverns
  A shadow (Swamp:1)
  2 hogs (Lair:5)
  44 yaks
  3 basilisks
  A hungry ghost (D:9)
  9 hippogriffs
  A vampire mosquito (Lair:8)
  5 wargs
  An iron troll simulacrum (IceCv)
  3 insubstantial wisps (Lair:5)
  14 water moccasins
  A hydra simulacrum (IceCv)
  3 harpy simulacra (IceCv)
  2 sky beasts
  6 porcupines
  A slave (D:4)
  2 ettin simulacra (IceCv)
  2 ice beasts
  26 orc warriors
  A wasp (D:9)
  2 black bears
  7 ogres
  2 necrophages
  15 wolves
  6 centaurs
  14 crocodiles
  4 big kobolds
  26 giant frogs
  Dowan (D:7)
  2 scorpions
  2 swamp dragon simulacra (IceCv)
  11 wights
  An elephant simulacrum (IceCv)
  An electric eel (D:11)
  5 howler monkeys
  4 crimson imps
  A lava snake (Volcano)
  A giant frog zombie (D:5)
  A quasit (D:11)
  2 draconian simulacra (IceCv)
  A centaur zombie (D:10)
  22 orc priests
  A giant frog skeleton (D:11)
  4 hounds
  8 jellies
  A centaur skeleton (D:6)
  3 iguanas
  Natasha (thrice) (D:2)
  18 orc wizards
  5 worker ants
  6 troll simulacra (IceCv)
  2 wolf simulacra (IceCv)
  7 sheep (Lair:5)
  A centaur simulacrum (IceCv)
  A hound zombie (D:7)
  A hound skeleton (D:4)
  A howler monkey zombie (D:9)
  A howler monkey skeleton (D:6)
  A naga simulacrum (IceCv)
  10 adders
  27 river rats
  3 shadow imps
  7 white imps (IceCv)
  4 ufetubi (IceCv)
  14 oozes (D:7)
  3 adder skeletons
  A worm (D:2)
  6 dart slugs
  9 giant geckos
  62 orcs
  5 giant cockroaches
  9 goblins
  A hobgoblin (D:1)
  9 jackals
  15 kobolds
  3 quokkas
  A ball python (D:2)
  3 bats
  5 giant newts
  A quokka skeleton (D:5)
  14 rats
  12 fungi
  6 plants
694 creatures vanquished.

Vanquished Creatures (collateral kills)
  Pikel (D:4)
  2 centaurs (D:11)
  An orc wizard (D:4)
  An ooze (D:7)
  2 orcs
  2 jackals (D:4)
  A ball python (D:1)
10 creatures vanquished.

Vanquished Creatures (others)
  Nessos (Orc:2)
  An ugly thing (D:4)
  A human (Lair:5)
  An orc warrior (D:11)
  Duvessa (D:7)
  A slave (D:4)
  A centaur (D:11)
  A jelly (D:7)
  An orc wizard (Orc:2)
  An orc (Orc:1)
  A giant cockroach (D:4)
  2 jackals (D:4)
  20 fungi
  17 plants
50 creatures vanquished.

Grand Total: 754 creatures vanquished

Notes
Turn   | Place    | Note
--------------------------------------------------------------
     0 | D:1      | AlphabetPasta the Deep Dwarf Artificer began the quest for the Orb.
     0 | D:1      | Reached XP level 1. HP: 16/16 MP: 3/3
    23 | D:1      | Reached skill level 1 in Fighting
   101 | D:1      | Reached XP level 2. HP: 17/25 MP: 5/5
   116 | D:1      | Reached skill level 1 in Armour
   644 | D:2      | Reached XP level 3. HP: 31/31 MP: 6/6
   672 | D:2      | Reached skill level 1 in Maces & Flails
   693 | D:2      | Found a glowing silver altar of Zin.
   717 | D:2      | Noticed Natasha
   726 | D:2      | Reached skill level 5 in Evocations
   873 | D:2      | Killed Natasha
   873 | D:2      | Reached XP level 4. HP: 33/38 MP: 7/7
   893 | D:2      | Noticed Natasha
   897 | D:2      | Killed Natasha
   914 | D:2      | Noticed Natasha
   921 | D:2      | Killed Natasha
  1524 | D:3      | Reached XP level 5. HP: 25/44 MP: 9/9
  1784 | D:3      | Noticed Grinder
  1801 | D:3      | Paralysed by Grinder for 3 turns
  1806 | D:3      | Killed Grinder
  1806 | D:3      | Reached skill level 6 in Evocations
  1806 | D:3      | Reached XP level 6. HP: 23/52 MP: 10/10
  2027 | D:3      | Noticed Sigmund
  2064 | D:3      | Noticed Sigmund
  2069 | D:3      | Killed Sigmund the howler monkey
  2449 | D:4      | Reached XP level 7. HP: 22/60 MP: 12/12
  2508 | D:4      | Reached skill level 7 in Evocations
  2576 | D:4      | Found an oddly glowing altar of Pakellas.
  2576 | D:4      | Noticed a cyan ugly thing
  2580 | D:4      | Became a worshipper of Pakellas the Inventive
  2590 | D:4      | Killed a white ugly thing
  2597 | D:4      | Noticed Pikel
  2612 | D:4      | Killed Pikel
  2735 | D:4      | Found a snail-covered altar of Cheibriados.
  2737 | D:4      | Found an iron altar of Okawaru.
  2833 | D:4      | Found a white marble altar of Elyvilon.
  3224 | D:5      | Entered Level 5 of the Dungeon
  3258 | D:5      | Found a white marble altar of Elyvilon.
  3261 | D:5      | Found a basalt altar of Yredelemnul.
  3261 | D:5      | Found a stormy altar of Qazlal.
  3263 | D:5      | Found a shattered altar of Ashenzari.
  3263 | D:5      | Found a sacrificial altar of Ru.
  3500 | D:5      | Reached XP level 8. HP: 34/68 MP: 12/12
  3626 | D:5      | Reached skill level 8 in Evocations
  3678 | D:5      | Reached * piety under Pakellas
  3678 | D:5      | Received a gift from Pakellas
  3799 | D:5      | Found a staircase to the Ecumenical Temple.
  3819 | Temple   | Entered the Ecumenical Temple
  3998 | D:5      | Found a deep blue altar of Sif Muna.
  4279 | D:6      | Reached skill level 5 in Maces & Flails
  4424 | D:6      | Reached skill level 1 in Slings
  4719 | D:7      | Reached skill level 9 in Evocations
  4857 | D:7      | Noticed Duvessa
  4861 | D:7      | Noticed Dowan
  4877 | D:7      | Killed Duvessa
  4877 | D:7      | Reached skill level 5 in Dodging
  4895 | D:7      | Killed Dowan
  4895 | D:7      | Gained mutation: You passively map the area around you. [Deep Dwarf growth]
  4895 | D:7      | Reached XP level 9. HP: 37/78 MP: 5/15
  5079 | D:7      | Found Arephox's Magic Scroll Emporium.
  5082 | D:7      | Bought a scroll of identify for 26 gold pieces
  5082 | D:7      | Bought a scroll of identify for 26 gold pieces
  5082 | D:7      | Bought a scroll of remove curse for 39 gold pieces
  5168 | D:7      | Noticed an oklob plant
  5229 | D:7      | Reached ** piety under Pakellas
  5229 | D:7      | Received a gift from Pakellas
  5258 | D:7      | Noticed a death cob
  5258 | D:7      | an oklob plant changed into a death cob
  5267 | D:7      | HP: 1/78 [death cob (7)]
  5437 | D:8      | Noticed fuyune's ghost (novice DsBe)
  5585 | D:8      | Found a hazy altar of Hepliaklqana.
  5870 | D:7      | Upgraded the game from 0.19-a0-550-g174f244 to 0.19-a0-551-g1edb3d8
  5938 | D:8      | Reached skill level 5 in Armour
  5938 | D:8      | Reached skill level 10 in Evocations
  6125 | D:9      | Noticed fuyune's ghost (novice DsBe)
  6697 | D:9      | Killed fuyune's ghost
  6881 | D:9      | Reached XP level 10. HP: 48/87 MP: 7/17
  7029 | D:9      | Paralysed by a wasp for 3 turns
  7103 | D:9      | Reached skill level 11 in Evocations
  7327 | D:8      | Killed fuyune's ghost
  7350 | D:10     | Entered Level 10 of the Dungeon
  7639 | D:10     | Reached skill level 5 in Fighting
  7669 | D:10     | Noticed a gargoyle
  7683 | D:10     | Killed a gargoyle
  7683 | D:10     | Reached skill level 1 in Shields
  7821 | D:10     | Reached *** piety under Pakellas
  7821 | D:10     | Received a gift from Pakellas
  7854 | D:10     | Found Qebyomeys's Jewellery Shop.
  8156 | D:10     | Bought a cursed ring of see invisible for 156 gold pieces
  8858 | D:11     | Reached XP level 11. HP: 34/96 MP: 14/18
  8900 | D:11     | Reached skill level 5 in Slings
  8915 | D:11     | Reached skill level 12 in Evocations
  8925 | D:11     | Reached **** piety under Pakellas
  8925 | D:11     | Received a gift from Pakellas
  8989 | D:11     | Found a staircase to the Lair.
  9162 | D:11     | Found a staircase to the Orcish Mines.
  9224 | D:11     | Killed an unseen horror
  9707 | Orc:1    | Entered Level 1 of the Orcish Mines
  9709 | Orc:1    | Noticed Maurice
  9787 | D:11     | Killed Maurice
  9950 | Orc:1    | Noticed Gastronok
  9967 | Orc:1    | Killed Gastronok
 10063 | Orc:1    | Noticed an orc knight
 10066 | Orc:1    | an orc knight changed into a salamander
 10177 | Lair:1   | Entered Level 1 of the Lair of Beasts
 10820 | Lair:1   | Noticed a seven-headed hydra
 10836 | Lair:1   | Killed a seven-headed hydra
 10836 | Lair:1   | Reached skill level 13 in Evocations
 10836 | Lair:1   | Reached XP level 12. HP: 25/105 MP: 2/20
 10923 | Lair:1   | You fall through a shaft!
 10933 | Lair:2   | Found a dark tunnel.
 10959 | Volcano  | Entered a volcano
 11196 | Lair:2   | Got an iridescent war axe
 11197 | Lair:2   | Identified the +6 war axe of Articulation {chop, rN+ MR+ Int+3 Dex-4} (You found it on level 2 of the Lair of Beasts)
 11490 | Lair:2   | Reached skill level 10 in Maces & Flails
 11860 | Lair:2   | Reached skill level 5 in Shields
 12334 | Lair:3   | Noticed Fannar
 12344 | Lair:3   | Killed Fannar
 12454 | Lair:3   | Gained mutation: You passively map a large area around you. [potion of beneficial mutation]
 12516 | Lair:3   | Reached skill level 14 in Evocations
 12592 | Lair:3   | Got a polished plate armour
 12605 | Lair:3   | Identified the cursed +0 plate armour "Cenant" {Regen+ Stlth+} (You found it on level 3 of the Lair of Beasts)
 12909 | Lair:3   | Noticed an eight-headed hydra
 12928 | Lair:3   | Killed a 20-headed hydra
 12967 | Lair:3   | Upgraded the game from 0.19-a0-551-g1edb3d8 to 0.19-a0-553-g63c04df
 13312 | Lair:4   | Reached XP level 13. HP: 85/114 MP: 7/22
 13570 | Lair:4   | Reached skill level 1 in Axes
 13668 | Lair:4   | Found a staircase to the Snake Pit.
 14054 | Lair:5   | Found a staircase to the Swamp.
 14495 | Lair:5   | Noticed Kirke
 14524 | Lair:5   | Killed Kirke
 14625 | Lair:5   | Identified a scroll of acquirement
 15107 | Lair:5   | Reached ***** piety under Pakellas
 15107 | Lair:5   | Received a gift from Pakellas
 15834 | Lair:6   | Reached skill level 15 in Evocations
 15851 | Lair:6   | Found a viscous altar of Jiyva.
 15851 | Lair:6   | Found a staircase to the Slime Pits.
 17667 | Lair:8   | Entered Level 8 of the Lair of Beasts
 17722 | Lair:8   | Gained mutation: You resist negative energy. (rN+) [Deep Dwarf growth]
 17722 | Lair:8   | Reached XP level 14. HP: 95/124 MP: 19/24
 18609 | Lair:8   | Reached skill level 10 in Dodging
 18772 | Lair:8   | Reached skill level 16 in Evocations
 18861 | Lair:8   | Reached skill level 10 in Armour
 19008 | Lair:5   | Reached skill level 5 in Axes
 19130 | Orc:2    | Entered Level 2 of the Orcish Mines
 19130 | Orc:2    | Found a staircase to the Elven Halls.
 19248 | Orc:2    | Noticed Donald
 19266 | Orc:2    | Killed Donald
 19776 | Orc:2    | Noticed Nessos
 19789 | Orc:2    | Killed Nessos
 19837 | Orc:2    | Noticed Snorg
 19848 | Orc:2    | Killed Snorg
 19863 | Orc:2    | Found a roughly hewn altar of Beogh.
 20368 | Orc:2    | Noticed an orc warlord
 20417 | Orc:2    | Killed an orc warlord
 20455 | Orc:2    | Found a roughly hewn altar of Beogh.
 20462 | Orc:2    | Found Siujiw's Antique Armour Shop.
 20497 | Orc:2    | Found Uduqup's General Store.
 20516 | Orc:2    | Found Vacwuet's Jewellery Shop.
 20575 | Orc:2    | Found Joamad's Antique Weapon Shop.
 20581 | Orc:2    | Bought a faintly glowing flail for 255 gold pieces
 20586 | Orc:2    | Identified the +7 flail of True Grit {venom, *Corrode +Blink rPois Int+6} (You bought it in a shop on level 2 of the Orcish Mines)
 20776 | Swamp:1  | Entered Level 1 of the Swamp
 20907 | Swamp:1  | Identified a +1 pair of boots of running (You found it on level 1 of the Swamp)
 20973 | Swamp:1  | Reached XP level 15. HP: 92/134 MP: 13/25
 21016 | Swamp:1  | Found a frozen archway.
 21040 | IceCv    | Entered an ice cave
 21545 | IceCv    | Noticed an Ice Fiend
 21568 | IceCv    | HP: 5/135 [golden dragon simulacrum (22)]
 21568 | IceCv    | Mangled by a golden dragon simulacrum

Vault maps used:
D:1:      mrwooster_arrival_arrow
D:2:      nicolae_overflow_crystal_walls, uniq_natasha
D:3:      first_bread, uniq_grinder, uniq_sigmund
D:4:      nicolae_overflow_hidden_temple, gammafunk_pakellas_cloud_experiment,
          elyvilon_altar_5, uniq_pikel
D:5:      grunt_temple_overflow_open, lemuel_coloured_pillars_altar,
          minmay_temple_entry_trees, dk_noncrumbling_4
D:6:      hex_medium, moated_statue
D:7:      lemuel_slime, serial_shops, kennysheep_mini_moat, uniq_duvessa
D:8:      basic_altar
D:9:      blue_anna_alchemist
D:10:     serial_shops, shop_statue
D:11:     erik_lair_orcish_takeover, david_orc_2, serial_bayou_pond_c,
          st_stairs_3, minmay_misc_feat_more_columns, nrook_pool_corridor,
          grunt_decor_arrowhead, fountainhead
Temple:   circular_temple_12
Lair:1:   minivault_19
Lair:2:   enter_volcano_2, minivault_23
Lair:3:   uniq_fannar
Lair:4:   minmay_snake_entry_spellcaster
Lair:5:   minmay_swamp_entry_wisps, uniq_kirke
Lair:6:   dpeg_slime_entry_enclosed_altar, lemuel_fruit_fields
Lair:8:   minmay_lair_end_frog_pond, infiniplex_staircase_pool,
          serial_bayou_shore_a
Swamp:1:  portal_ice_cave_entry_pillars_2, evilmike_swamp_ruin_rubble_1
Orc:1:    uniq_maurice, uniq_gastronok
Orc:2:    grunt_orc_cross, basic_altar, uniq_donald, uniq_snorg, uniq_nessos
IceCv:    ice_cave_caverns_03
Volcano:  volcano_lake

Skill      XL: |  1  2  3  4  5  6  7  8  9 10 11 12 13 14 15 |
---------------+----------------------------------------------+-----
Fighting       | 1 2 3 4 5 6 7 8 9 |  9.0
Armour         | 1 2 3 4 5 6 7 8 9 10 | 10.4
Maces & Flails | 1 2 3 4 5 7 8 9 10 11 12 | 12.0
Evocations     | 5 6 7 9 10 11 13 14 15 16 | 16.7
Dodging        | 3 4 5 6 8 9 10 | 10.6
Slings         | 2 3 4 5 6 8 9 |  9.3
Shields        | 2 4 5 7 8 |  8.4
Axes           | 3 5 |  5.8
Short Blades   | |  0.8
Stealth        | |  1.2

Action                   |  1- 3 |  4- 6 |  7- 9 | 10-12 | 13-15 || total
-------------------------+-------+-------+-------+-------+-------++-------
Melee: Dagger            |    59 |   109 |    59 |       |       ||   227
       Short sword       |     2 |       |       |       |       ||     2
       Flail             |       |       |   592 |   743 |    22 ||  1357
       War axe           |       |       |       |   222 |   961 ||  1183
       Morningstar       |       |       |       |       |    31 ||    31
 Fire: Hunting sling     |       |       |    65 |   140 |   233 ||   438
Throw: Stone             |       |       |     2 |     4 |     6 ||    12
Invok: Quick Charge      |       |       |     7 |    30 |    46 ||    83
 Abil: Device Recharging |       |       |     1 |       |     1 ||     2
       Evoke Berserk Rag |       |       |       |     3 |       ||     3
Evoke: Wand              |    11 |    18 |   103 |    87 |   133 ||   352
       Sack of spiders   |       |       |     1 |     1 |       ||     2
       Rod               |       |       |       |    24 |    76 ||   100
  Use: Scroll            |       |    14 |    14 |     9 |    13 ||    50
       Potion            |       |       |     4 |    12 |     6 ||    22
 Stab: Sleeping          |     1 |     3 |       |       |       ||     4
       Confused          |       |       |    15 |     1 |       ||    16
       Invisible         |       |       |     3 |       |       ||     3
       Paralysed         |       |       |       |    41 |    98 ||   139
       Distracted        |       |       |       |     1 |       ||     1
  Eat: Chunk             |       |     4 |     7 |    16 |    23 ||    50
       Beef jerky        |       |     1 |     3 |     1 |     1 ||     6
       Fruit             |       |       |     7 |       |     9 ||    16
       Royal jelly       |       |       |       |     1 |     1 ||     2
       Meat ration       |       |       |       |     1 |       ||     1
       Pizza             |       |       |       |       |     3 ||     3
Armor: Leather armour    |     6 |    25 |    25 |       |       ||    56
       Scale mail        |       |       |    72 |       |       ||    72
       Plate armour      |       |       |   178 |   467 |   428 ||  1073
Dodge: Dodged            |    28 |    53 |   355 |   503 |   505 ||  1444
Block: Buckler           |       |       |       |   158 |   248 ||   406
       Shield            |       |       |       |       |   161 ||   161
       Reflection        |       |       |       |       |     6 ||     6
